 Dungeon Crawl Stone Soup version 0.22.1-2-g9c5b331 (webtiles) character file.

53 MalarOregon the Chiller (level 3, -4/25 HPs)
             Began as a Merfolk Ice Elementalist on Nov 21, 2018.
             Slain by Natasha (9 damage)
             ... on level 2 of the Dungeon.
             The game lasted 00:03:18 (822 turns).

MalarOregon the Chiller (Merfolk Ice Elementalist)   Turns: 822, Time: 00:03:19

Health: -4/25      AC:  2    Str:  8    XL:     3   Next: 89%
Magic:  0/7        EV: 13    Int: 15    God:
Gold:   69         SH:  0    Dex: 14    Spells: 5/8 levels left

rFire    . . .     SeeInvis .   d - +0 dagger
rCold    . . .     Gourm    .   (no shield)
rNeg     . . .     Faith    .   a - +0 robe
rPois    .         Spirit   .   (no helmet)
rElec    .         Reflect  .   (no cloak)
rCorr    .         Harm     .   (no gloves)
MR       .....                  (no boots)
Stlth    ++........             (no amulet)
HPRegen  0.08/turn              (no ring)
MPRegen  0.10/turn              (no ring)

@: no status effects
A: change form in water, swift swim, stealthy swim
a: no special abilities


You were on level 2 of the Dungeon.
You were not hungry.

You visited 1 branch of the dungeon, and saw 2 of its levels.

You collected 69 gold pieces.

Inventory:

Hand Weapons
 d - a +0 dagger (weapon)
   (You took it off a goblin on level 1 of the Dungeon)
 i - a +0 spear
   (You found it on level 1 of the Dungeon)
Armour
 a - a +0 robe (worn)
 h - a +0 buckler
   (You found it on level 1 of the Dungeon)
Scrolls
 b - a scroll of identify {unknown}
 k - a scroll of amnesia {unknown}
 l - a scroll of magic mapping {unknown}
 m - a scroll of fear {unknown}
Potions
 f - a potion of curing {unknown}
 g - a potion of ambrosia {unknown}
 j - a potion of flight {unknown}
Comestibles
 c - 2 chunks of flesh
 e - 4 rations {!d}


   Skills:
 + Level 0.8 Fighting
 + Level 0.7 Polearms
 + Level 3.2 Dodging
 - Level 2.1 Stealth
 + Level 0.4 Shields
 * Level 3.0 Spellcasting
 - Level 0.7 Conjurations
 * Level 3.6 Ice Magic


You had 5 spell levels left.
You knew the following spells:

 Your Spells              Type           Power        Failure   Level  Hunger
a - Freeze                Ice            ##..         4%          1    #......
x - Throw Frost           Conj/Ice       #.....       12%         2    ##.....

Your spell library contained the following spells:

 Spells                   Type           Power        Failure   Level  Hunger
 Ozocubu's Armour         Chrm/Ice       #.......     28%         3    ###....
 Throw Icicle             Conj/Ice       #.......     63%         4    #####..
 Summon Ice Beast         Ice/Summ       #.......     67%         4    #####..


Dungeon Overview and Level Annotations

Branches:
Dungeon (2/15)

Altars:
Dithmenos

Annotations:
D:2 Natasha


Message History

You hit the hobgoblin.
You kill the hobgoblin!
All of the chunks of flesh in your inventory have rotted away.
You hit the kobold but do no damage. The kobold misses you.
You barely miss the kobold. The kobold closely misses you.
You closely miss the kobold. The kobold hits you.
You hit the kobold. The kobold closely misses you.
You hit the kobold.
You kill the kobold!
You now have 69 gold pieces (gained 6).
You see here a kobold corpse.
You see here a stone.
You see here a worker ant corpse.
You butcher the worker ant corpse.
c - 2 chunks of flesh Natasha, Servant of Life and Death comes into view.
Natasha hisses angrily.
Found a stone staircase leading up.
A bat comes into view.
Natasha casts a spell.
Found a runed scarf.
Aim: Natasha You freeze Natasha.
Natasha claws you!
* * * LOW HITPOINT WARNING * * *
The shadow imp barely misses you.
Aim: Natasha (lightly wounded)
You freeze Natasha. Natasha claws you.
* * * LOW HITPOINT WARNING * * *
The shadow imp closely misses you.
Aim: Natasha (heavily wounded)
You freeze Natasha. The bat barely misses you.
The bat hits you but does no damage. Natasha casts a spell at you.
You resist with significant effort. The shadow imp hits you.
* * * LOW HITPOINT WARNING * * *
Aim: Natasha (severely wounded)
You freeze Natasha. The bat hits you but does no damage. x2
Natasha closely misses you. The shadow imp closely misses you.
Unknown command.
Aim: Natasha (almost dead)
You freeze Natasha.
The adder hisses angrily.
The bat barely misses you. Natasha misses you.
The shadow imp hits you but does no damage.
You barely miss Natasha. The bat hits you but does no damage.
Natasha claws you but does no damage. The shadow imp hits you.
* * * LOW HITPOINT WARNING * * *
You barely miss Natasha. The bat hits you but does no damage.
Natasha claws you!
You die...

.............(†(...#
#.........#...####.#
##.........#.#.#
##............#.#
#...........###.#
.......S....###.#######
............#.........##
............#...........
......5@b..##..####.####
..<....h..###..# #... #
#.........# #..# ##.##.#
#........## #..###...#.#
.......... #......_....
[.........# ##.#.#...###
..........# #.#.##.## #
..........# #.#....# #
#.####.####


You could see Natasha, an adder, a shadow imp and a bat.

Vanquished Creatures
  A worker ant (D:2)
  An ooze (D:1)
  A dart slug (D:1)
  2 giant cockroaches (D:1)
  4 goblins
  3 hobgoblins
  6 kobolds
  2 bats (D:1)
  A frilled lizard (D:1)
  5 rats (D:1)
26 creatures vanquished.

Notes
Turn   | Place    | Note
-------+----------+-------------------------------------------
     0 | D:1      | MalarOregon the Merfolk Ice Elementalist began the quest
                  | for the Orb.
     0 | D:1      | Reached XP level 1. HP: 13/13 MP: 3/3
    88 | D:1      | Reached XP level 2. HP: 13/19 MP: 1/5
   394 | D:1      | Reached XP level 3. HP: 25/25 MP: 1/7
   707 | D:2      | Learned a level 2 spell: Throw Frost
   738 | D:2      | Found a shadowy altar of Dithmenos.
   812 | D:2      | Noticed Natasha
   822 | D:2      | Slain by Natasha

Skill      XL: |  1  2  3 |
---------------+----------+-----
Dodging        | 3 |  3.2
Spellcasting   | 3 |  3.0
Fighting       | |  0.8
Polearms       | |  0.7
Stealth        | |  2.1
Shields        | |  0.4
Conjurations   | |  0.7
Ice Magic      | |  3.6

Action                   || total
-------------------------++-------
Melee: Unarmed           ||    16
       Dagger            ||    35
 Cast: Freeze            ||    32
 Stab: Distracted        ||     1
       Sleeping          ||     4
Armor: Robe              ||    14
Dodge: Dodged            ||    55
